cohdb
Replays
Latest Replays
All Replays
Popular Replays
Top Player Replays
Match Explorer
How It Works
Community
CoH3 Stats
Reddit
Sign in to upload your games and track your stats! →
Sign in with Steam
Match 46731089
Unlisted
Match 46731089
Overview
Messages
Build Orders
End
Panzergrenadier Squad
250 Light Carrier
Selects Armored Support Battlegroup
Panzergrenadier Squad
Construct Light Support Kompanie
MG34 Team
Combat Half-tracks
Selects Superior Fire Drills
Fire Support Elements
Panzerjäger Mechanized Group
2.5-tonne Medical Truck
Flakvierling Half-track
Pak 38 Anti-tank Gun Team
Selects Flammpanzer III Medium Tank
Construct Panzerarmee Kommand
Assault Mechanized Group
Flak 36 Anti-tank Gun Team
Gaylord Thistlebottom VII
象棋大师
Happy PanzerVI
Mao
sasokgo
Bubbciss
0
0
Comments
sign in to comment!
No comments posted yet!